APP
CLEVELAND (APP) INDIANS @ BLUEFIELD BLUE JAYS
09/08/2047
 
TOP OF THE 1ST
Cleveland (APP) Indians batting - Pitching for Bluefield Blue Jays : RHP Jon Thomason
Pitching: RHP Jon Thomason
Batting: RHB Kenzo Shinoda 0-0: Ball
1-0: Called Strike
1-1: Foul Ball, location: 2F
1-2: Ball
2-2: Ball
3-2: Base on Balls
Batting: RHB Steve Gusman 0-0: Called Strike
0-1: Called Strike
0-2: Strikes out swinging
Batting: RHB Gary Ming 0-0: Ball
1-0: Foul Ball, location: 2F
1-1: Called Strike
Kenzo Shinoda is caught stealing 2nd base 2-4
1-2: Ground out 6-3 (Groundball, 6, EV 93.8 MPH)
Top of the 1st over - 0 runs, 0 hits, 0 errors, 0 left on base; Cleveland (APP) 0 - Bluefield 0
BOTTOM OF THE 1ST
Bluefield Blue Jays batting - Pitching for Cleveland (APP) Indians : RHP Mike Shields
Pitching: RHP Mike Shields
Batting: RHB Dustin Bargman 0-0: Ball
1-0: Fly out, F9 (Line Drive, 9S, EV 90.6 MPH)
Batting: RHB David Cooper 0-0: Called Strike
0-1: Ball
1-1: Ground out 3-1 (Groundball, 34, EV 85.6 MPH)
Batting: RHB Norm Mercer 0-0: Foul Ball, location: 2F
0-1: Foul Ball, location: 2F
0-2: Ball
1-2: Strikes out looking
Bottom of the 1st over - 0 runs, 0 hits, 0 errors, 0 left on base; Cleveland (APP) 0 - Bluefield 0
TOP OF THE 2ND
Cleveland (APP) Indians batting - Pitching for Bluefield Blue Jays : RHP Jon Thomason
Batting: LHB Devon Grant 0-0: Ball
1-0: Called Strike
1-1: Called Strike
1-2: Ball
2-2: Ball
3-2: Foul Ball, location: 2F
3-2: Base on Balls
Batting: RHB Luis Roman 0-0: Ball
1-0: Ball
2-0: Swinging Strike
2-1: SINGLE (Line Drive, 4MD, EV 96.2 MPH)
Devon Grant to second
Runner from 2nd tries for 3rd, SAFE, no throw by CF
Batting: RHB John Bianconi 0-0: Swinging Strike
Pickoff Throw to First - Out! 1-3
0-1: Called Strike
0-2: Ball
1-2: Ball
2-2: Fly out, F8 (Line Drive, 89D, EV 103.1 MPH)
Runner from 3rd tags up, SCORES, no throw by CF
Batting: LHB Shane Montalvo 0-0: Foul Ball, location: 2F
0-1: Ball
1-1: Ball
2-1: Swinging Strike
2-2: Ball
3-2: Foul Ball, location: 2F
3-2: Strikes out swinging
Top of the 2nd over - 1 run, 1 hit, 0 errors, 0 left on base; Cleveland (APP) 1 - Bluefield 0
BOTTOM OF THE 2ND
Bluefield Blue Jays batting - Pitching for Cleveland (APP) Indians : RHP Mike Shields
Batting: LHB Lothar Middelkoop 0-0: Fly out, F7 (Flyball, 78S, EV 75.6 MPH)
Batting: RHB Terry Plumley 0-0: Called Strike
0-1: Hit by Pitch
Batting: RHB Braydon Pinsent 0-0: Called Strike
0-1: Ball
1-1: SINGLE (Line Drive, 56D, EV 96.2 MPH)
Terry Plumley to second
Batting: RHB Mike Chamberlain 0-0: Ball
1-0: Ball
2-0: Called Strike
2-1: Fielders Choice at 2nd, 6-4 (Groundball, 6D, EV 91.9 MPH)
Terry Plumley to third
Batting: RHB Ed Swafford 0-0: Ball
1-0: Called Strike
1-1: Called Strike
1-2: Strikes out looking
Bottom of the 2nd over - 0 runs, 1 hit, 0 errors, 2 left on base; Cleveland (APP) 1 - Bluefield 0
TOP OF THE 3RD
Cleveland (APP) Indians batting - Pitching for Bluefield Blue Jays : RHP Jon Thomason
Batting: SHB Javon Mitchell 0-0: Ball
1-0: Called Strike
1-1: Swinging Strike
1-2: Ball
2-2: Strikes out swinging
Batting: RHB Anibal Casteles 0-0: Called Strike
0-1: Swinging Strike
0-2: Strikes out looking
Batting: RHB Kenzo Shinoda 0-0: Ball
1-0: Called Strike
1-1: SINGLE (Groundball, 25, EV 62.5 MPH) (infield hit)
Batting: RHB Steve Gusman 0-0: Ball
Kenzo Shinoda steals 2nd base
1-0: Ball
2-0: Swinging Strike
2-1: Fly out, F9 (Flyball, 89S, EV 85.0 MPH)
Top of the 3rd over - 0 runs, 1 hit, 0 errors, 1 left on base; Cleveland (APP) 1 - Bluefield 0
BOTTOM OF THE 3RD
Bluefield Blue Jays batting - Pitching for Cleveland (APP) Indians : RHP Mike Shields
Batting: RHB Jorge Cruz 0-0: Foul Ball, location: 2F
0-1: Called Strike
0-2: Foul Ball, location: 2F
0-2: Strikes out looking
Batting: RHB Dustin Bargman 0-0: Called Strike
0-1: Fly out, F8 (Flyball, 89M, EV 98.8 MPH)
Batting: RHB David Cooper 0-0: Foul Ball, location: 2F
0-1: Reached on error, E4 (Groundball, 34, EV 91.2 MPH)
Batting: RHB Norm Mercer 0-0: Ball
David Cooper steals 2nd base
1-0: Ball
2-0: Fly out, F9 (Line Drive, 9, EV 95.0 MPH)
Bottom of the 3rd over - 0 runs, 0 hits, 1 error, 1 left on base; Cleveland (APP) 1 - Bluefield 0
TOP OF THE 4TH
Cleveland (APP) Indians batting - Pitching for Bluefield Blue Jays : RHP Jon Thomason
Batting: RHB Gary Ming 0-0: Called Strike
0-1: Called Strike
0-2: SINGLE (Line Drive, 9S, EV 106.9 MPH)
Batting: LHB Devon Grant 0-0: Ball
1-0: Foul Ball, location: 2F
1-1: Foul Ball, location: 2F
1-2: Fly out, F5 (Popup, 5F, EV 70.6 MPH)
Batting: RHB Luis Roman 0-0: 2-RUN HOME RUN (Flyball, 9D, EV 98.1 MPH), Distance : 386 ft
Batting: RHB John Bianconi 0-0: Ball
1-0: Swinging Strike
1-1: SINGLE (Groundball, 4MD, EV 106.2 MPH) (infield hit)
Batting: LHB Shane Montalvo 0-0: Ball
1-0: Ball
2-0: Foul Ball, location: 2F
2-1: Ball
3-1: Fly out, F8 (Flyball, 8RXD, EV 96.2 MPH)
Batting: SHB Javon Mitchell 0-0: Ball
1-0: Foul Ball, location: 2F
1-1: Ball
2-1: Ground out U3 (Groundball, 3, EV 105.0 MPH)
Top of the 4th over - 2 runs, 3 hits, 0 errors, 1 left on base; Cleveland (APP) 3 - Bluefield 0
BOTTOM OF THE 4TH
Bluefield Blue Jays batting - Pitching for Cleveland (APP) Indians : RHP Mike Shields
Batting: LHB Lothar Middelkoop 0-0: Ball
1-0: Hit by Pitch
Batting: RHB Terry Plumley 0-0: Called Strike
0-1: Fly out, F8 (Flyball, 78M, EV 92.5 MPH)
Batting: RHB Braydon Pinsent 0-0: Swinging Strike
Lothar Middelkoop steals 2nd base
0-1: Foul Ball, location: 2F
0-2: Strikes out looking
Batting: RHB Mike Chamberlain 0-0: Ball
1-0: Ball
2-0: DOUBLE (Line Drive, 3D, EV 103.1 MPH)
Lothar Middelkoop scores
Batting: RHB Ed Swafford 0-0: Called Strike
0-1: Swinging Strike
0-2: Ball
1-2: Ball
2-2: Strikes out swinging
Bottom of the 4th over - 1 run, 1 hit, 0 errors, 1 left on base; Cleveland (APP) 3 - Bluefield 1
TOP OF THE 5TH
Cleveland (APP) Indians batting - Pitching for Bluefield Blue Jays : RHP Jon Thomason
Batting: RHB Anibal Casteles 0-0: Ball
1-0: Foul Ball, location: 2F
1-1: Called Strike
1-2: Ball
2-2: Strikes out swinging
Batting: RHB Kenzo Shinoda 0-0: Ball
1-0: SINGLE (Groundball, 6S, EV 69.4 MPH) (infield hit)
Batting: RHB Steve Gusman 0-0: Ball
1-0: Foul Ball, location: 2F
1-1: Fielders Choice at 2nd, 3-6 (Groundball, 3S, EV 85.0 MPH)
Batting: RHB Gary Ming 0-0: Called Strike
0-1: Called Strike
0-2: Foul Ball, location: 2F
0-2: Foul Ball, location: 2F
0-2: Ball
1-2: Foul Ball, location: 2F
1-2: Strikes out swinging
Top of the 5th over - 0 runs, 1 hit, 0 errors, 1 left on base; Cleveland (APP) 3 - Bluefield 1
BOTTOM OF THE 5TH
Bluefield Blue Jays batting - Pitching for Cleveland (APP) Indians : RHP Mike Shields
Batting: RHB Jorge Cruz 0-0: Ball
1-0: Foul Ball, location: 2F
1-1: SOLO HOME RUN (Flyball, 78XD, EV 110.6 MPH), Distance : 433 ft
Batting: RHB Dustin Bargman 0-0: Called Strike
0-1: Ball
1-1: Foul Ball, location: 2F
1-2: Foul Ball, location: 2F
1-2: Fly out, F8 (Flyball, 8RD, EV 98.8 MPH)
Batting: RHB David Cooper 0-0: Ball
1-0: Called Strike
1-1: Ball
2-1: Ball
3-1: Foul Ball, location: 2F
3-2: Strikes out swinging
Batting: RHB Norm Mercer 0-0: Called Strike
0-1: Ball
1-1: Ball
2-1: Swinging Strike
2-2: Strikes out swinging
Bottom of the 5th over - 1 run, 1 hit, 0 errors, 0 left on base; Cleveland (APP) 3 - Bluefield 2
TOP OF THE 6TH
Cleveland (APP) Indians batting - Pitching for Bluefield Blue Jays : RHP Jon Thomason
Batting: LHB Devon Grant 0-0: Foul Ball, location: 2F
0-1: Ball
1-1: Ball
2-1: Ball
3-1: Swinging Strike
3-2: SOLO HOME RUN (Line Drive, 7D, EV 95.0 MPH), Distance : 378 ft
Pitching: LHP Quadir Dade
Batting: RHB Luis Roman 0-0: Ground out 5-3 (Groundball, 56, EV 106.9 MPH)
Batting: RHB John Bianconi 0-0: Called Strike
0-1: Ball
1-1: Ball
2-1: Foul Ball, location: 2F
2-2: DOUBLE (Line Drive, 9LM, EV 100.6 MPH)
Batting: LHB Shane Montalvo 0-0: Foul Ball, location: 2F
0-1: Ball
1-1: Swinging Strike
1-2: Ball
2-2: Strikes out swinging
Batting: SHB Javon Mitchell 0-0: Called Strike
0-1: Ball
1-1: Ball
2-1: SINGLE (Groundball, 6D, EV 95.6 MPH)
John Bianconi to third
Runner from 3rd tries for Home, SAFE, throw by CF to home
Batting: RHB Anibal Casteles 0-0: Called Strike
0-1: Ball
1-1: Called Strike
1-2: Ball
2-2: Strikes out looking
Top of the 6th over - 2 runs, 3 hits, 0 errors, 1 left on base; Cleveland (APP) 5 - Bluefield 2
BOTTOM OF THE 6TH
Bluefield Blue Jays batting - Pitching for Cleveland (APP) Indians : RHP Mike Shields
Batting: LHB Lothar Middelkoop 0-0: Ball
1-0: Called Strike
1-1: Swinging Strike
1-2: DOUBLE (Groundball, 5L, EV 95.6 MPH)
Batting: RHB Terry Plumley 0-0: Called Strike
0-1: Ball
1-1: 2-RUN HOME RUN (Flyball, 7D, EV 96.2 MPH), Distance : 371 ft
Batting: RHB Braydon Pinsent 0-0: Fly out, F7 (Line Drive, 7, EV 90.6 MPH)
Batting: RHB Mike Chamberlain 0-0: Ball
1-0: Ball
2-0: Called Strike
2-1: Called Strike
2-2: Ball
3-2: Fly out, F8 (Flyball, 8RM, EV 87.5 MPH)
Batting: RHB Ed Swafford 0-0: Fly out, F9 (Flyball, 89S, EV 85.6 MPH)
Bottom of the 6th over - 2 runs, 2 hits, 0 errors, 0 left on base; Cleveland (APP) 5 - Bluefield 4
TOP OF THE 7TH
Cleveland (APP) Indians batting - Pitching for Bluefield Blue Jays : LHP Quadir Dade
Batting: RHB Kenzo Shinoda 0-0: Ball
1-0: Ball
2-0: Ball
3-0: Base on Balls
Batting: RHB Steve Gusman 0-0: Called Strike
Kenzo Shinoda steals 2nd base (no throw)
0-1: Hit by Pitch
Batting: RHB Gary Ming 0-0: Foul Ball, location: 2F
0-1: Swinging Strike
0-2: Strikes out swinging
Batting: LHB Devon Grant 0-0: Called Strike
0-1: Ball
1-1: Swinging Strike
1-2: Strikes out looking
Batting: RHB Luis Roman 0-0: Called Strike
0-1: Ball
Wild Pitch!
Kenzo Shinoda to third
Steve Gusman to second
1-1: 3-RUN HOME RUN (Line Drive, 89XD, EV 107.5 MPH), Distance : 424 ft
Pitching: RHP Joe Linkous
Batting: RHB John Bianconi 0-0: Called Strike
0-1: Called Strike
0-2: Ball
1-2: Foul Ball, location: 2F
1-2: Ball
2-2: Ball
3-2: Foul Ball, location: 2F
3-2: Ground out U3 (Groundball, 13, EV 93.8 MPH)
Top of the 7th over - 3 runs, 1 hit, 0 errors, 0 left on base; Cleveland (APP) 8 - Bluefield 4
BOTTOM OF THE 7TH
Bluefield Blue Jays batting - Pitching for Cleveland (APP) Indians : RHP Mike Shields
Batting: RHB Jorge Cruz 0-0: Fly out, F9 (Flyball, 9LM, EV 112.5 MPH)
Batting: RHB Dustin Bargman 0-0: Ball
1-0: Ground out U3 (Groundball, 3, EV 81.9 MPH)
Batting: RHB David Cooper 0-0: Fly out, F8 (Flyball, 78M, EV 86.2 MPH)
Bottom of the 7th over - 0 runs, 0 hits, 0 errors, 0 left on base; Cleveland (APP) 8 - Bluefield 4
TOP OF THE 8TH
Cleveland (APP) Indians batting - Pitching for Bluefield Blue Jays : RHP Joe Linkous
Batting: LHB Shane Montalvo 0-0: Called Strike
0-1: SINGLE (Groundball, 4MD, EV 95.0 MPH)
Batting: SHB Javon Mitchell 0-0: Bunt missed!
0-1: Ball
1-1: Sac Bunt to 5S - play at first, batter OUT! 5-3
Shane Montalvo to second
Batting: RHB Anibal Casteles 0-0: Swinging Strike
0-1: Foul Ball, location: 2F
0-2: Ball
1-2: Ball
2-2: Foul Ball, location: 2F
2-2: Ground out 5-3 (Groundball, 5, EV 81.9 MPH)
Batting: RHB Kenzo Shinoda 0-0: Called Strike
0-1: Foul Ball, location: 2F
0-2: Ball
1-2: Ground out 4-3 (Groundball, 4, EV 106.9 MPH)
Top of the 8th over - 0 runs, 1 hit, 0 errors, 1 left on base; Cleveland (APP) 8 - Bluefield 4
BOTTOM OF THE 8TH
Bluefield Blue Jays batting - Pitching for Cleveland (APP) Indians : RHP Mike Shields
Batting: RHB Norm Mercer 0-0: Ball
1-0: Foul Ball, location: 2F
1-1: Ball
2-1: Called Strike
2-2: Ground out 5-3 (Groundball, 5, EV 76.2 MPH)
Batting: LHB Lothar Middelkoop 0-0: Fly out, F8 (Line Drive, 8RM, EV 92.5 MPH)
Batting: RHB Terry Plumley 0-0: Ball
1-0: Ball
2-0: Foul Ball, location: 2F
2-1: Ball
3-1: SINGLE (Flyball, 34D, EV 91.9 MPH)
Batting: RHB Braydon Pinsent 0-0: Foul Ball, location: 2F
0-1: Fly out, F5 (Popup, 5SF, EV 84.4 MPH)
Bottom of the 8th over - 0 runs, 1 hit, 0 errors, 1 left on base; Cleveland (APP) 8 - Bluefield 4
TOP OF THE 9TH
Cleveland (APP) Indians batting - Pitching for Bluefield Blue Jays : RHP Joe Linkous
Batting: RHB Steve Gusman 0-0: Foul Ball, location: 2F
0-1: Ground out 1-3 (Groundball, 13, EV 64.4 MPH)
Batting: RHB Gary Ming 0-0: Ball
1-0: Swinging Strike
1-1: Swinging Strike
1-2: Fly out, F8 (Line Drive, 8LD, EV 95.6 MPH)
Batting: LHB Devon Grant 0-0: SINGLE (Line Drive, 6M, EV 95.0 MPH)
Pitching: LHP Trevor Kelley
Batting: RHB Luis Roman 0-0: Ball
1-0: Ball
Devon Grant steals 2nd base
2-0: Ground out 4-3 (Groundball, 4, EV 95.0 MPH)
Top of the 9th over - 0 runs, 1 hit, 0 errors, 1 left on base; Cleveland (APP) 8 - Bluefield 4
BOTTOM OF THE 9TH
Bluefield Blue Jays batting - Pitching for Cleveland (APP) Indians : RHP Mike Shields
Pitching: RHP Oscar Alvarado
Batting: RHB Mike Chamberlain 0-0: Fly out, F8 (Line Drive, 8RM, EV 105.0 MPH)
Batting: RHB Ed Swafford 0-0: Foul Ball, location: 2F
0-1: Ball
1-1: Swinging Strike
1-2: Foul Ball, location: 2F
1-2: Strikes out looking
Batting: RHB Jorge Cruz 0-0: Ball
1-0: Swinging Strike
1-1: Ball
2-1: Swinging Strike
2-2: Ball
3-2: Strikes out swinging
Bottom of the 9th over - 0 runs, 0 hits, 0 errors, 0 left on base; Cleveland (APP) 8 - Bluefield 4
Thursday, December 15th , 2022 - OOTP Baseball 23.9 Build 102